 Dungeon Crawl Stone Soup version 0.27-a0-1312-g5cdb2b3542 (webtiles) character file.

Game seed: 9315231968477257105

1313 Gwenloh the Cleaver (level 8, -3/62 HPs)
             Began as a Minotaur Gladiator on June 20, 2021.
             Slain by a warg (4 damage)
             ... on level 6 of the Dungeon.
             The game lasted 00:10:37 (6308 turns).

Gwenloh the Cleaver (Minotaur Gladiator)            Turns: 6308, Time: 00:10:38

Health: -3/62      AC:  6    Str: 18    XL:     8   Next: 32%
Magic:  0/7        EV: 11    Int:  5    God:
Gold:   333        SH:  5    Dex: 15    Spells: 7/7 levels left

rFire    . . .     SeeInvis .   a - +0 war axe
rCold    + . .     Faith    .   b - +2 buckler
rNeg     . . .     Spirit   +   k - +1 ring mail {rC+}
rPois    .         Reflect  .   c - +0 hat
rElec    .         Harm     .   (no cloak)
rCorr    .         Rampage  .   (no gloves)
Will     .....                  (no boots)
Stlth    +.........             l - amulet of guardian spirit
HPRegen  0.20/turn              (no ring)
MPRegen  0.10/turn              (no ring)

@: no status effects
A: horns 2, retaliatory headbutt
a: no special abilities


You were on level 6 of the Dungeon.
You visited 1 branch of the dungeon, and saw 6 of its levels.

You collected 333 gold pieces.

Inventory:

Hand Weapons
 a - a +0 war axe (weapon)
Missiles
 d - 3 throwing nets
 i - 198 stones
 j - 32 bolts
 x - 4 boomerangs (quivered)
Armour
 b - a +2 buckler (worn)
 c - a +0 hat (worn)
 k - a +1 ring mail of cold resistance (worn)
Jewellery
 l - an amulet of guardian spirit (around neck)
 s - an amulet of magic regeneration
Wands
 v - a wand of polymorph (12)
Scrolls
 e - 7 scrolls of identify {unknown}
 n - 3 scrolls of enchant armour {unknown}
 o - a scroll of acquirement {unknown}
 p - 5 scrolls of teleportation {unknown}
 q - a scroll of amnesia {unknown}
 r - a scroll of summoning {unknown}
 y - a scroll of enchant weapon {unknown}
 A - a scroll of magic mapping {unknown}
Potions
 f - a potion of resistance {unknown}
 g - 2 potions of lignification {unknown}
 h - 2 potions of curing
 m - a potion of brilliance {unknown}
 t - 2 potions of invisibility {unknown}
 u - a potion of flight {unknown}
 w - a potion of cancellation {unknown}
 z - a potion of mutation {unknown}


   Skills:
 - Level 2.4 Fighting
 + Level 12.3 Axes
 - Level 2.0 Throwing
 - Level 3.2 Dodging


You had 7 spell levels left.
You didn't know any spells.
Your spell library contained the following spells:

 Spells                   Type           Power      Damage    Failure   Level
 Apportation              Tloc           0%         N/A       85%         1
 Lesser Beckoning         Tloc           0%         N/A       99%         3
 Tukima's Dance           Hex            0%         N/A       99%         3
 Alistair's Intoxication  Tmut/Pois      0%         N/A       100%        5
 Invisibility             Hex            0%         N/A       100%        6


Dungeon Overview and Level Annotations

Branches:
Dungeon (6/15)
 Temple: D:4-7

Altars:
Dithmenos
Trog
Beogh

Shops:
D:1 [

Annotations:
D:6 Zardul's ghost, novice TrBe


Innate Abilities, Weirdness & Mutations

You have a pair of horns on your head.
You reflexively headbutt those who attack you in melee.


Message History

You barely miss the black bear. You headbutt the black bear.
You kill the black bear!
No target in view!
You see here a black bear corpse.
A - a scroll labelled SAUSOW BIJY CIE Unknown command.
You see here a black bear corpse.
Found an escape hatch in the ceiling.
There is an escape hatch in the ceiling here.
i - 198 stones (gained 14)
You see here a +0 leather armour.
You see here a +0 dagger.
The orc warrior shouts!
You hear a shout! x2
Zardul's ghost turns its malevolent gaze towards you.
The orc shouts!
The orc shouts!
The orc shouts!
You hear a shout!
The orc shouts! x2
Found a cloak.
Could not explore, unopened runed door.
As you open the gate, it creaks loudly!
The orc warrior hits you from afar with a +0 halberd.
The orc priest looks satisfied for a moment.
The orc priest mumbles some strange prayers to Beogh against you.
Beogh smites you! The warg bites you but does no damage.
The warg closely misses you. The warg bites you.
Zardul's ghost says, "Crushing you to a pulp will hurt a lot.
After that?
Painless!
I promise!"
Zardul's ghost keens inconsolably.
The warg pauses to sniff the ground.
The warg bites you!
The warg stops to sniff the ground.
The warg bites you! The warg bites you!
* * * LOW HITPOINT WARNING * * *
The warg bites you!
* * * LOW HITPOINT WARNING * * *
There is a stone staircase leading up here.
The warg bites you.
You die...

##............# ##.#
#####...########..# ##...
#...........####..######....
#.###.>.###.................
######......## #..###..######....
.......###### #..##.............
######.#########..##...#.#####...
......#.......>#..##...#.# ##..
#.#.......o..W.h@........# #.#
#.##.#.#######....#...#### #.#
W.W..#.# ###.##...# #.#
#.##.#.### #.##...# ###.#
.........# ##.##...# #...#
...#.#.#.# ##...#...### #.###
#.##.#.#.# ##..........# #.# #
#.##.#.#.####....)..#.#.# #.# #
#..#.#...........<..#.#.# ##.###


You could see a warg, an orc warrior and Zardul's ghost.

Vanquished Creatures
  A wraith (D:6)
  A black bear (D:6)
  A sky beast (D:6)
  An ogre (D:6)
  2 necrophages (D:5)
  A centaur (D:6)
  A scorpion (D:6)
  A howler monkey (D:5)
  A bullfrog zombie (D:5)
  A hound (D:6)
  2 jellies
  3 orc priests
  Jessica (D:3)
  An iguana (D:5)
  Natasha (thrice) (D:4)
  Robin (D:3)
  4 gnolls (D:4)
  4 adders
  A shadow imp (D:6)
  2 white imps (D:6)
  An ufetubus (D:6)
  A worm (D:4)
  A dart slug (D:3)
  23 orcs
  4 ball pythons
  4 bats
  5 endoplasms
  4 giant cockroaches
  8 hobgoblins
  4 quokkas
  2 frilled lizards (D:1)
  6 goblins
  2 kobolds
  2 rats (D:1)
100 creatures vanquished.

Notes
Turn   | Place    | Note
-------+----------+-------------------------------------------
     0 | D:1      | Gwenloh the Minotaur Gladiator began the quest for the Orb.
     0 | D:1      | Reached XP level 1. HP: 18/18 MP: 0/0
    46 | D:1      | Found a faded altar of an unknown god.
    46 | D:1      | Noticed a floating eye
    48 | D:1      | Noticed a shining eye
    55 | D:1      | Noticed a great orb of eyes
    58 | D:1      | Noticed a great orb of eyes
   357 | D:1      | Reached skill level 4 in Axes
   500 | D:1      | Found Xelimaanil's Antique Armour Emporium.
   530 | D:1      | Reached XP level 2. HP: 23/25 MP: 1/1
  1607 | D:2      | Reached skill level 5 in Axes
  1860 | D:3      | Reached XP level 3. HP: 30/30 MP: 2/2
  1877 | D:3      | Noticed Jessica
  1883 | D:3      | Killed Jessica
  2037 | D:3      | Noticed Robin
  2086 | D:3      | Killed Robin
  2087 | D:3      | Reached skill level 6 in Axes
  2087 | D:3      | Reached XP level 4. HP: 37/37 MP: 3/3
  2486 | D:4      | Noticed Natasha
  2497 | D:4      | Killed Natasha
  2783 | D:4      | Reached skill level 7 in Axes
  2783 | D:4      | Reached XP level 5. HP: 34/42 MP: 2/4
  3271 | D:4      | Noticed Natasha
  3279 | D:4      | Killed Natasha
  3583 | D:4      | Noticed Natasha
  3590 | D:4      | Killed Natasha
  3763 | D:4      | Reached skill level 8 in Axes
  3910 | D:4      | Reached XP level 6. HP: 49/50 MP: 3/5
  3931 | D:4      | Found a shadowy altar of Dithmenos.
  4001 | D:5      | Entered Level 5 of the Dungeon
  4025 | D:5      | Found a bloodstained altar of Trog.
  4221 | D:5      | Reached skill level 9 in Axes
  4550 | D:5      | Reached XP level 7. HP: 56/56 MP: 6/6
  4671 | D:5      | Reached skill level 10 in Axes
  4891 | D:6      | Noticed a wraith
  4918 | D:6      | Killed a wraith
  5325 | D:6      | Reached skill level 11 in Axes
  5530 | D:6      | Reached XP level 8. HP: 39/62 MP: 4/7
  5754 | D:6      | Reached skill level 12 in Axes
  5882 | D:6      | Found a runed translucent gate.
  5882 | D:6      | Noticed Zardul's ghost (novice TrBe)
  5883 | D:6      | Found a runed translucent gate.
  5883 | D:6      | Found a runed translucent gate.
  5883 | D:6      | Identified the +8 plate armour of the Sun {rN+}
  6305 | D:6      | HP: 1/62 [warg (13)]
  6308 | D:6      | Slain by a warg

Illustrated notes

Levels and vault maps discovered:
D:1:      tarquinn_simple_flora_water_c, layout_basic,
          hellmonk_ecumenical_altar_watching_god, serial_shops, shop,
          st_stairs_4, minmay_pentomino_o2
D:2:      layout_basic
D:3:      layout_basic, uniq_jessica, uniq_robin
D:4:      layout_rooms, nicolae_dithmenos_shadow_blocks, kennysheep_crisscross,
          uniq_natasha
D:5:      layout_basic, kennysheep_mini, minmay_strange_pillars
D:6:      layout_loops_ring, biasface_ghost_orc_armoury

Skill      XL: |  1  2  3  4  5  6  7  8 |
---------------+-------------------------+-----
Axes           | 4 5 6 7 8 9 11 12 | 12.3
Fighting       | |  2.4
Throwing       | |  2.0
Dodging        | |  3.2

Action                   |  1- 3 |  4- 6 |  7- 9 || total
-------------------------+-------+-------+-------++-------
Melee: War axe           |    48 |   109 |    83 ||   240
       Headbutt          |     5 |    19 |    15 ||    39
Throw: Stone             |    50 |    76 |       ||   126
       Boomerang         |       |    17 |    32 ||    49
Armor: Leather armour    |     3 |       |       ||     3
       Ring mail         |     9 |    21 |    24 ||    54
Dodge: Dodged            |    23 |    42 |    42 ||   107
Block: Buckler           |     1 |    26 |    19 ||    46

Table legend: (Time is in decaauts)
 A = Elapsed time spent in this place.
 B = Non-inter-level travel time spent in this place.
 C = Inter-level travel time spent in this place.
 D = Time resting spent in this place.
 E = Time spent auto-exploring this place.
 F = Levels seen in this place.
 G = Mean time per level.
                   A        B        C        D        E       F      G
               +--------+--------+--------+--------+--------+-----+--------+
         Total |   6397 |   6137 |    260 |    107 |   5067 |   6 | 1066.2 |
       Dungeon |   6397 |   6137 |    260 |    107 |   5067 |   6 | 1066.2 |
               +--------+--------+--------+--------+--------+-----+--------+

Top non-repeatable levels by time:
     D:6: 1401 daAuts
     D:4: 1365 daAuts
     D:1: 1118 daAuts
     D:3: 1021 daAuts
     D:5: 944 daAuts
     D:2: 544 daAuts
